AoeStats
← LitiumJCH

Arena

509239229Analyzed
4v4 RM · 8d ago on Sep 26, 2026· 43m 2s· 8 players
Game mode
Random Map
Map size
Large (8 player)
Population
200
Speed
Normal
Resources
Standard
Victory
Conquest
Starting age
Dark Age
Ending age
Imperial Age
RankedLock teamsTeams togetherTeam positionsShared explorationLock speedFull tech treeHidden civsTurbo modeCheats
Victory
Defeat
🇨🇱 Danes · Chile
1000
+14
🇨🇱 Saxons · Chile
977
+15
🇨🇱 Turks · Chile
970
+16
899
+20
🇦🇷 Britons · Argentina
1001
-18
🇺🇾 Maya · Uruguay
1000
-40
🇨🇱 Huns · Chile
938
-38
🇵🇪 Mongols · Peru
903
-14
LitiumJCH
9:58 Loom
12:51 Feudal Age
14:18 Double-Bit Axe
21:00 Castle Age
18:55 Horse Collar
20:51 Bloodlines
21:09 Stone Mining
21:09 Gold Mining
21:53 Husbandry
30:19 Fletching
32:57 Bodkin Arrow
35:34 Bow Saw
36:51 Stone Shaft Mining
36:52 Gold Shaft Mining
38:10 Heavy Plow
42:22 Imperial Age
41:03 Padded Archer Armor
41:09 Scale Barding Armor
41:56 Fortified Wall
Linfocito9533
9:36 Feudal Age
10:07 Double-Bit Axe
13:10 Horse Collar
18:35 Castle Age
17:07 Stone Mining
17:29 Gold Mining
20:13 Bow Saw
21:16 Heavy Plow
22:51 Wheelbarrow
24:28 Bloodlines
27:09 Gold Shaft Mining
26:28 Loom
28:38 Hand Cart
28:33 Fletching
29:13 Marauders
30:40 Murder Holes
31:09 Bodkin Arrow
31:38 Ballistics
32:09 Husbandry
35:35 Imperial Age
34:25 Forging
34:47 Masonry
39:05 Elite Tarkan
GUASON_
10:41 Feudal Age
14:42 Castle Age
12:41 Double-Bit Axe
12:37 Horse Collar
13:12 Gold Mining
14:27 Stone Mining
16:11 Town Watch
19:08 Bow Saw
24:31 Wheelbarrow
23:59 Heavy Plow
24:28 Loom
25:53 Wheelbarrow
27:56 Imperial Age
26:10 Fletching
27:02 Bodkin Arrow
28:28 Padded Archer Armor
29:24 Ballistics
29:25 Bracer
29:32 Elite Longbowman
30:46 Conscription
31:05 Leather Archer Armor
32:01 Gold Shaft Mining
32:31 Two-Man Saw
33:09 Yeomen
34:54 Chemistry
39:14 Ring Archer Armor
41:32 Fortified Wall
42:12 Masonry
Pocho32
11:12 Feudal Age
11:39 Double-Bit Axe
16:35 Castle Age
17:48 Wheelbarrow
17:52 Horse Collar
21:31 Gold Mining
24:17 Bow Saw
23:34 Eagle Warrior
24:15 Squires
25:39 Forging
25:30 Scale Mail Armor
28:22 Hand Cart
31:04 Imperial Age
29:04 Chain Mail Armor
29:25 Iron Casting
30:26 Heavy Plow
30:37 Padded Archer Armor
30:28 Fletching
30:45 Town Watch
30:59 Arson
31:43 Elite Eagle Warrior
32:55 Plate Mail Armor
33:25 Blast Furnace
33:45 Capped Ram
37:11 Conscription
F.Jeriax
11:25 Feudal Age
15:11 Castle Age
16:27 Horse Collar
20:28 Gold Mining
23:47 Heavy Plow
28:34 Imperial Age
26:47 Wheelbarrow
25:57 Loom
27:10 Wheelbarrow
28:06 Gold Shaft Mining
27:47 Double-Bit Axe
28:39 Bow Saw
30:43 Hand Cart
37:51 Two-Man Saw
felipe2204
11:04 Feudal Age
14:17 Double-Bit Axe
16:58 Castle Age
16:20 Horse Collar
18:47 Bow Saw
20:43 Stone Mining
26:44 Wheelbarrow
26:30 Gold Mining
27:18 Stone Shaft Mining
26:40 Loom
27:41 Hand Cart
28:32 Town Watch
31:38 Imperial Age
30:00 Forging
29:51 Scale Mail Armor
29:19 Hamask
30:48 Gold Shaft Mining
30:26 Bow Saw
30:44 Town Patrol
31:23 Iron Casting
31:48 Capped Ram
31:54 Elite Jomsviking
32:47 Siege Ram
34:11 Conscription
35:31 Blast Furnace
34:53 Chain Mail Armor
35:50 Northmen's Fury
38:45 Siege Engineers
39:44 Chemistry
AlpineXtrem
0:28 Loom
11:35 Feudal Age
15:27 Castle Age
13:16 Double-Bit Axe
15:44 Horse Collar
15:58 Gold Mining
18:24 Wheelbarrow
22:49 Gold Shaft Mining
22:12 Stone Mining
25:55 Squires
26:40 Hand Cart
26:29 Treadmill Crane
27:27 Forging
27:17 Scale Mail Armor
30:55 Imperial Age
28:52 Arson
31:23 Chain Mail Armor
31:44 Iron Casting
33:11 Plate Mail Armor
33:31 Conscription
33:25 Shield Wall
34:21 Heavy Plow
35:39 Elite Varangian Guard
36:41 Gambesons
Pastor Deyann CEO del SEXO
6:06 Loom
10:47 Feudal Age
15:25 Castle Age
26:32 Town Watch
27:23 Wheelbarrow
29:10 Double-Bit Axe
29:43 Fortified Wall
33:12 Imperial Age
31:44 Masonry
32:56 Horse Collar
36:03 Fletching
36:13 Padded Archer Armor
37:43 Leather Archer Armor
38:47 Ballistics
37:49 Elite Skirmisher
38:59 Bodkin Arrow
40:16 Conscription
40:24 Bracer
40:55 Ring Archer Armor
Connection lost

Rejoining the realm…

Still unreachable

The connection could not be restored.

Session expired

The server has moved on; the page needs a fresh start.